 Dungeon Crawl Stone Soup version 0.31-a0-818-ge7c7cf74f0 (webtiles) character file.

Game seed: 14610856417436420329

292 Kurtz the Chopper (level 6, 0/58 (63) HPs)
             Began as an Octopode Fighter on Sept 23, 2023.
             Was an Initiate of Okawaru.
             Succumbed to an adder's poison
             ... on level 5 of the Dungeon.
             The game lasted 00:03:59 (4018 turns).

Kurtz the Chopper (Octopode Fighter)                Turns: 4018, Time: 00:03:59

HP:   0/58 (63)     AC: 23    Str: 15    XL:     6   Next: 33%
MP:   6/6           EV:  2    Int: 10    God:    Okawaru [......]
Gold: 188           SH:  5    Dex: 14    Spells: 5/5 levels left

rFire   . . .        a - +0 war axe
rCold   . . .        b - +0 buckler
rNeg    . . .        (helmet currently unavailable)
rPois   +            (no amulet)
rElec   .            (no ring)
rCorr   .            (no ring)
SInv    .            (no ring)
Will    .....        (no ring)
Stlth   +            (no ring)
HPRegen 0.29/turn    (no ring)
MPRegen 0.10/turn    (no ring)
                     (no ring)

%: no passive effects
@: lethally poisoned (0 -> -6), tree-form, drained, invisible
A: stationary, stasis, torment immunity, boosted hp, almost no armour,
(amphibious), 8 rings, (camouflage 1), (gelatinous body 1), (nimble swimmer 1),
(tentacles)
a: Renounce Religion


You were on level 5 of the Dungeon.
You worshipped Okawaru.
Okawaru was noncommittal.
You were a tree.
You visited 2 branches of the dungeon, and saw 6 of its levels.

You collected 188 gold pieces.

Inventory:

Hand Weapons
 a - a +0 war axe (weapon)
Armour
 b - a +0 buckler (worn)
Jewellery
 i - a ring of fire
Scrolls
 g - 4 scrolls of teleportation {unknown}
 h - 2 scrolls of torment {unknown}
 j - 6 scrolls of identify {unknown}
 m - 2 scrolls of enchant armour {unknown}
 o - a scroll of silence {unknown}
 q - a scroll of blinking {unknown}
 s - a scroll of poison {unknown}
 t - a scroll of revelation {unknown}
 u - a scroll of fog {unknown}
 v - a scroll of summoning {unknown}
Potions
 c - 2 potions of might
 d - a potion of lignification
 f - 3 potions of curing {unknown}
 l - 2 potions of cancellation {unknown}
 n - a potion of mutation {unknown}
 p - a potion of attraction {unknown}
 r - a potion of resistance {unknown}


   Skills:
 + Level 3.0 Fighting
 * Level 6.2 Axes
 * Level 3.3 Dodging
 - Level 3.0 Shields
 * Level 0.1 Invocations


You had 5 spell levels left.
You didn't know any spells.
Your spell library contained the following spells:

 Spells                   Type           Power      Damage    Failure   Level
 Wereblood                Tmut           0%         N/A       58%         2
 Irradiate                Conj/Tmut      0%         3d11      100%        5


Dungeon Overview and Level Annotations

Branches:
Dungeon (5/15)             Temple (1/1) D:4

Altars:
Cheibriados
Dithmenos
Gozag
Hepliaklqana
Kikubaaqudgha
Nemelex Xobeh
Okawaru
Ru
Sif Muna
Zin
The Shining One

Shops:
D:2 :(=*[


Innate Abilities, Weirdness & Mutations

You are a tree.
Your roots penetrate the ground, keeping you stationary.
You cannot be teleported.
You are immune to unholy pain and torment.
Your maximum health is greatly increased.
You cannot wear most types of armour.
((You are amphibious.))
You can wear up to eight rings at the same time.
((Your skin changes colour to match your surroundings (Stealth+).))
((Your rubbery body absorbs attacks. (AC +1, EV +1)))
((You are camouflaged when in or above water. (Stealth+)))
((You have tentacles for arms and can constrict up to eight enemies at once.))


Message History

The wight hits you from afar with a +0 trident!
You block the adder's attack. The adder attacks as it pursues you!
The adder closely misses you. The adder barely misses you. The adder bites you.
You are poisoned.
The adder poisons you!
You feel sick. The adder attacks as it pursues you!
The adder closely misses you. The adder misses you.
You feel sick.
You feel sick. The adder attacks as it pursues you!
The adder closely misses you.
You feel sick. The adder attacks as it pursues you!
The adder bites you but does no damage.
You feel sick.
You are no longer poisoned.
The adder attacks as it pursues you! The adder closely misses you.
The adder bites you but does no damage. The wight attacks as it pursues you!
The wight barely misses you.
There is a stone staircase leading up here.
Found a scroll labelled XUTANE KIOS.
The adder attacks as it pursues you! The adder misses you.
The adder attacks as it pursues you! The adder bites you.
* * * LOW HITPOINT WARNING * * *
You are poisoned.
The adder poisons you!
You feel sick. The adder bites you.
* * * LOW HITPOINT WARNING * * *
You are more poisoned.
The adder poisons you!
It was a potion of lignification.
You turn into a tree.
Your roots penetrate the ground.
You feel sick. The adder bites you but does no damage.
The wight hits you from afar with a +0 trident!
* * * LOW HITPOINT WARNING * * *
You feel drained.
* * * LOW HITPOINT WARNING * * *
It was a potion of invisibility.
You fade into invisibility!
You die...

#.# #.#......#.#
#.###.z.#.##...#
##.......z..###
##.......z....###.
#......<....>.....
#.................
#.........z.......
#.........S.......
#.........♣.......
..................
###..........#....
#########...####
##.?. ##.. #.# ..


You could see 4 wights and an adder (unable to see you).

Vanquished Creatures
  A howler monkey (D:4)
  A hound (D:5)
  4 iguanas (D:4)
  A gnoll (D:2)
  4 adders
  4 worms (D:2)
  8 ball pythons
  4 bats (D:1)
  6 endoplasms
  A giant cockroach (D:1)
  6 goblins
  4 hobgoblins
  6 kobolds
  7 quokkas
  3 frilled lizards
  8 rats
68 creatures vanquished.

Notes
Turn   | Place    | Note
-------+----------+-------------------------------------------
     0 | D:1      | Kurtz the Octopode Fighter began the quest for the Orb.
     0 | D:1      | Reached XP level 1. HP: 16/16 MP: 1/1
   386 | D:1      | Reached XP level 2. HP: 21/21 MP: 2/2
   485 | D:1      | Reached skill level 3 in Axes
   636 | D:1      | Found a faded altar of an unknown god.
   865 | D:2      | Reached XP level 3. HP: 26/26 MP: 3/3
   974 | D:2      | Found Guiskaj's Antique Armour Emporium.
   979 | D:2      | Found Higuah's Jewellery Shop.
   992 | D:2      | Found Qinein's Weapon Boutique.
  1032 | D:2      | Found Ameqisan's Book Shop.
  1139 | D:2      | Reached skill level 4 in Axes
  1221 | D:2      | Found Viycwa's General Store.
  1389 | D:2      | Reached XP level 4. HP: 31/31 MP: 4/4
  2432 | D:4      | Reached skill level 5 in Axes
  2432 | D:4      | Reached XP level 5. HP: 25/36 MP: 5/5
  2862 | D:4      | Found a glowing silver altar of Zin.
  2925 | D:4      | Reached XP level 6. HP: 36/42 MP: 6/6
  2977 | D:4      | Reached skill level 6 in Axes
  3794 | D:4      | Found a staircase to the Ecumenical Temple.
  3826 | D:5      | Entered Level 5 of the Dungeon
  3855 | Temple   | Entered the Ecumenical Temple
  3895 | Temple   | Became a worshipper of Warmaster Okawaru
  4017 | D:5      | HP: 2/58 [wight/+0 trident (3)]
  4018 | D:5      | Succumbed to an adder's poison

Illustrated notes

Levels and vault maps discovered:
D:1:      dpeg_arrival_three_bigger_balls, layout_loops_ring,
          basic_ecumenical_altar, serial_forest, infiniplex_forest_split,
          infiniplex_forest_clump_curved, infiniplex_forest_clump_small,
          infiniplex_forest_corner_1, infiniplex_forest_clump_small,
          infiniplex_forest_clump_curved, infiniplex_forest_pool,
          columned_hall_lemuel, minmay_misc_feat_enclosed
D:2:      layout_rooms, serial_shops, shop, nicolae_shop_stone,
          nicolae_shop_advertising_works [nicolae_subvault_shop_adworks],
          nicolae_shop_tiny_waterfront, shop, minmay_quadrilaterals
D:3:      layout_basic
D:4:      layout_basic, mainiacjoe_overflow_alcove_2, temple_green
D:5:      layout_rooms, bloody_makhleb, minmay_misc_feat_ornament, uniq_edmund,
          uniq_crazy_yiuf_cottage
Temple:   nicolae_temple_bog_church

Skill      XL: |  1  2  3  4  5  6 |
---------------+-------------------+-----
Axes           | 3 4 5 6 |  6.2
Fighting       | |  3.0
Dodging        | |  3.3
Shields        | |  3.0
Invocations    | |  0.1

Action                     |  1- 3 |  4- 6 || total
---------------------------+-------+-------++-------
  Melee: War axe           |    63 |   222 ||   285
         Constrict         |    16 |    14 ||    30
         Tentacles         |     9 |    69 ||    78
         Punch             |       |     4 ||     4
  Throw: Javelin           |       |     5 ||     5
    Use: Potion            |       |     2 ||     2
   Stab: Sleeping          |    10 |     9 ||    19
 Armour: Skin              |    20 |    40 ||    60
  Dodge: Dodged            |    27 |    47 ||    74
  Block: Buckler           |    13 |    17 ||    30

Table legend: (Time is in decaauts)
 A = Elapsed time spent in this place.
 B = Non-inter-level travel time spent in this place.
 C = Inter-level travel time spent in this place.
 D = Time resting spent in this place.
 E = Time spent auto-exploring this place.
 F = Levels seen in this place.
 G = Mean time per level.
                   A        B        C        D        E       F      G
               +--------+--------+--------+--------+--------+-----+--------+
         Total |   4113 |   3795 |    318 |    484 |   2548 |   6 |  685.5 |
       Dungeon |   4065 |   3754 |    311 |    484 |   2548 |   5 |  813.0 |
        Temple |     47 |     41 |      6 |      0 |      0 |   1 |   47.0 |
               +--------+--------+--------+--------+--------+-----+--------+

Top non-repeatable levels by time:
     D:4: 1500 daAuts
     D:1: 1264 daAuts
     D:2: 844 daAuts
     D:3: 361 daAuts
     D:5: 93 daAuts
  Temple: 47 daAuts
